%YAML 1.1
%TAG !u! tag:unity3d.com,2011:
--- !u!1 &3738961492444425401
GameObject:
  m_ObjectHideFlags: 0
  m_CorrespondingSourceObject: {fileID: 0}
  m_PrefabInstance: {fileID: 0}
  m_PrefabAsset: {fileID: 0}
  serializedVersion: 6
  m_Component:
  - component: {fileID: 3738961492444425400}
  - component: {fileID: 3738961492444425407}
  m_Layer: 0
  m_Name: Rocks1
  m_TagString: Untagged
  m_Icon: {fileID: 0}
  m_NavMeshLayer: 0
  m_StaticEditorFlags: 0
  m_IsActive: 1
--- !u!4 &3738961492444425400
Transform:
  m_ObjectHideFlags: 0
  m_CorrespondingSourceObject: {fileID: 0}
  m_PrefabInstance: {fileID: 0}
  m_PrefabAsset: {fileID: 0}
  m_GameObject: {fileID: 3738961492444425401}
  m_LocalRotation: {x: -0, y: -0, z: -0, w: 1}
  m_LocalPosition: {x: 10.96658, y: 5.611788, z: 0}
  m_LocalScale: {x: 1, y: 1, z: 1}
  m_Children: []
  m_Father: {fileID: 6645813820833761054}
  m_RootOrder: 4
  m_LocalEulerAnglesHint: {x: 0, y: 0, z: 0}
--- !u!212 &3738961492444425407
SpriteRenderer:
  m_ObjectHideFlags: 0
  m_CorrespondingSourceObject: {fileID: 0}
  m_PrefabInstance: {fileID: 0}
  m_PrefabAsset: {fileID: 0}
  m_GameObject: {fileID: 3738961492444425401}
  m_Enabled: 1
  m_CastShadows: 0
  m_ReceiveShadows: 0
  m_DynamicOccludee: 1
  m_MotionVectors: 1
  m_LightProbeUsage: 1
  m_ReflectionProbeUsage: 1
  m_RayTracingMode: 0
  m_RayTraceProcedural: 0
  m_RenderingLayerMask: 1
  m_RendererPriority: 0
  m_Materials:
  - {fileID: 2100000, guid: a97c105638bdf8b4a8650670310a4cd3, type: 2}
  m_StaticBatchInfo:
    firstSubMesh: 0
    subMeshCount: 0
  m_StaticBatchRoot: {fileID: 0}
  m_ProbeAnchor: {fileID: 0}
  m_LightProbeVolumeOverride: {fileID: 0}
  m_ScaleInLightmap: 1
  m_ReceiveGI: 1
  m_PreserveUVs: 0
  m_IgnoreNormalsForChartDetection: 0
  m_ImportantGI: 0
  m_StitchLightmapSeams: 1
  m_SelectedEditorRenderState: 0
  m_MinimumChartSize: 4
  m_AutoUVMaxDistance: 0.5
  m_AutoUVMaxAngle: 89
  m_LightmapParameters: {fileID: 0}
  m_SortingLayerID: -1663358713
  m_SortingLayer: 1
  m_SortingOrder: 2
  m_Sprite: {fileID: 21300000, guid: 827c7cb72a89cef45aa33075b6e7466a, type: 3}
  m_Color: {r: 1, g: 1, b: 1, a: 1}
  m_FlipX: 1
  m_FlipY: 0
  m_DrawMode: 0
  m_Size: {x: 2, y: 2}
  m_AdaptiveModeThreshold: 0.5
  m_SpriteTileMode: 0
  m_WasSpriteAssigned: 1
  m_MaskInteraction: 0
  m_SpriteSortPoint: 0
--- !u!1 &6389111452945695220
GameObject:
  m_ObjectHideFlags: 0
  m_CorrespondingSourceObject: {fileID: 0}
  m_PrefabInstance: {fileID: 0}
  m_PrefabAsset: {fileID: 0}
  serializedVersion: 6
  m_Component:
  - component: {fileID: 6645813820833761054}
  m_Layer: 0
  m_Name: FirstChapterProps
  m_TagString: Untagged
  m_Icon: {fileID: 0}
  m_NavMeshLayer: 0
  m_StaticEditorFlags: 0
  m_IsActive: 1
--- !u!4 &6645813820833761054
Transform:
  m_ObjectHideFlags: 0
  m_CorrespondingSourceObject: {fileID: 0}
  m_PrefabInstance: {fileID: 0}
  m_PrefabAsset: {fileID: 0}
  m_GameObject: {fileID: 6389111452945695220}
  m_LocalRotation: {x: 0, y: 0, z: 0, w: 1}
  m_LocalPosition: {x: 0, y: 0, z: 0}
  m_LocalScale: {x: 1, y: 1, z: 1}
  m_Children:
  - {fileID: 7887173818876544077}
  - {fileID: 9140146188725955476}
  - {fileID: 7621662436610086207}
  - {fileID: 7492492758051202368}
  - {fileID: 3738961492444425400}
  - {fileID: 3494615369613020697}
  - {fileID: 2009756321012934221}
  - {fileID: 4408017686375864660}
  - {fileID: 5526592018733710041}
  - {fileID: 3109578646956737292}
  - {fileID: 7364806007471693250}
  - {fileID: 4270001951833911107}
  - {fileID: 3402901679039091910}
  - {fileID: 8741257012385565486}
  - {fileID: 8676446435862808289}
  - {fileID: 5819665648161784777}
  - {fileID: 6653924332603868122}
  m_Father: {fileID: 0}
  m_RootOrder: 0
  m_LocalEulerAnglesHint: {x: 0, y: 0, z: 0}
--- !u!1001 &2291838819614164317
PrefabInstance:
  m_ObjectHideFlags: 0
  serializedVersion: 2
  m_Modification:
    m_TransformParent: {fileID: 6645813820833761054}
    m_Modifications:
    - target: {fileID: 5696389772360517268, guid: 455c916764f30a748b2810ad17a022d2, type: 3}
      propertyPath: m_RootOrder
      value: 15
      objectReference: {fileID: 0}
    - target: {fileID: 5696389772360517268, guid: 455c916764f30a748b2810ad17a022d2, type: 3}
      propertyPath: m_LocalPosition.x
      value: 30.144426
      objectReference: {fileID: 0}
    - target: {fileID: 5696389772360517268, guid: 455c916764f30a748b2810ad17a022d2, type: 3}
      propertyPath: m_LocalPosition.y
      value: 5.900765
      objectReference: {fileID: 0}
    - target: {fileID: 5696389772360517268, guid: 455c916764f30a748b2810ad17a022d2, type: 3}
      propertyPath: m_LocalPosition.z
      value: 0
      objectReference: {fileID: 0}
    - target: {fileID: 5696389772360517268, guid: 455c916764f30a748b2810ad17a022d2, type: 3}
      propertyPath: m_LocalRotation.w
      value: 1
      objectReference: {fileID: 0}
    - target: {fileID: 5696389772360517268, guid: 455c916764f30a748b2810ad17a022d2, type: 3}
      propertyPath: m_LocalRotation.x
      value: -0
      objectReference: {fileID: 0}
    - target: {fileID: 5696389772360517268, guid: 455c916764f30a748b2810ad17a022d2, type: 3}
      propertyPath: m_LocalRotation.y
      value: -0
      objectReference: {fileID: 0}
    - target: {fileID: 5696389772360517268, guid: 455c916764f30a748b2810ad17a022d2, type: 3}
      propertyPath: m_LocalRotation.z
      value: -0
      objectReference: {fileID: 0}
    - target: {fileID: 5696389772360517268, guid: 455c916764f30a748b2810ad17a022d2, type: 3}
      propertyPath: m_LocalEulerAnglesHint.x
      value: 0
      objectReference: {fileID: 0}
    - target: {fileID: 5696389772360517268, guid: 455c916764f30a748b2810ad17a022d2, type: 3}
      propertyPath: m_LocalEulerAnglesHint.y
      value: 0
      objectReference: {fileID: 0}
    - target: {fileID: 5696389772360517268, guid: 455c916764f30a748b2810ad17a022d2, type: 3}
      propertyPath: m_LocalEulerAnglesHint.z
      value: 0
      objectReference: {fileID: 0}
    - target: {fileID: 5696389772360517269, guid: 455c916764f30a748b2810ad17a022d2, type: 3}
      propertyPath: m_Name
      value: RocksSmall5
      objectReference: {fileID: 0}
    m_RemovedComponents: []
  m_SourcePrefab: {fileID: 100100000, guid: 455c916764f30a748b2810ad17a022d2, type: 3}
--- !u!4 &5819665648161784777 stripped
Transform:
  m_CorrespondingSourceObject: {fileID: 5696389772360517268, guid: 455c916764f30a748b2810ad17a022d2, type: 3}
  m_PrefabInstance: {fileID: 2291838819614164317}
  m_PrefabAsset: {fileID: 0}
--- !u!1001 &2901683807455449942
PrefabInstance:
  m_ObjectHideFlags: 0
  serializedVersion: 2
  m_Modification:
    m_TransformParent: {fileID: 6645813820833761054}
    m_Modifications:
    - target: {fileID: 5652534335209852563, guid: 1dc7681e992294b00adaa05f665c733c, type: 3}
      propertyPath: m_Name
      value: Stones3
      objectReference: {fileID: 0}
    - target: {fileID: 5652534335209852564, guid: 1dc7681e992294b00adaa05f665c733c, type: 3}
      propertyPath: m_RootOrder
      value: 10
      objectReference: {fileID: 0}
    - target: {fileID: 5652534335209852564, guid: 1dc7681e992294b00adaa05f665c733c, type: 3}
      propertyPath: m_LocalPosition.x
      value: 18.95122
      objectReference: {fileID: 0}
    - target: {fileID: 5652534335209852564, guid: 1dc7681e992294b00adaa05f665c733c, type: 3}
      propertyPath: m_LocalPosition.y
      value: 6.31094
      objectReference: {fileID: 0}
    - target: {fileID: 5652534335209852564, guid: 1dc7681e992294b00adaa05f665c733c, type: 3}
      propertyPath: m_LocalPosition.z
      value: 0
      objectReference: {fileID: 0}
    - target: {fileID: 5652534335209852564, guid: 1dc7681e992294b00adaa05f665c733c, type: 3}
      propertyPath: m_LocalRotation.w
      value: 1
      objectReference: {fileID: 0}
    - target: {fileID: 5652534335209852564, guid: 1dc7681e992294b00adaa05f665c733c, type: 3}
      propertyPath: m_LocalRotation.x
      value: -0
      objectReference: {fileID: 0}
    - target: {fileID: 5652534335209852564, guid: 1dc7681e992294b00adaa05f665c733c, type: 3}
      propertyPath: m_LocalRotation.y
      value: -0
      objectReference: {fileID: 0}
    - target: {fileID: 5652534335209852564, guid: 1dc7681e992294b00adaa05f665c733c, type: 3}
      propertyPath: m_LocalRotation.z
      value: -0
      objectReference: {fileID: 0}
    - target: {fileID: 5652534335209852564, guid: 1dc7681e992294b00adaa05f665c733c, type: 3}
      propertyPath: m_LocalEulerAnglesHint.x
      value: 0
      objectReference: {fileID: 0}
    - target: {fileID: 5652534335209852564, guid: 1dc7681e992294b00adaa05f665c733c, type: 3}
      propertyPath: m_LocalEulerAnglesHint.y
      value: 0
      objectReference: {fileID: 0}
    - target: {fileID: 5652534335209852564, guid: 1dc7681e992294b00adaa05f665c733c, type: 3}
      propertyPath: m_LocalEulerAnglesHint.z
      value: 0
      objectReference: {fileID: 0}
    m_RemovedComponents: []
  m_SourcePrefab: {fileID: 100100000, guid: 1dc7681e992294b00adaa05f665c733c, type: 3}
--- !u!4 &7364806007471693250 stripped
Transform:
  m_CorrespondingSourceObject: {fileID: 5652534335209852564, guid: 1dc7681e992294b00adaa05f665c733c, type: 3}
  m_PrefabInstance: {fileID: 2901683807455449942}
  m_PrefabAsset: {fileID: 0}
--- !u!1001 &3034102621311112460
PrefabInstance:
  m_ObjectHideFlags: 0
  serializedVersion: 2
  m_Modification:
    m_TransformParent: {fileID: 6645813820833761054}
    m_Modifications:
    - target: {fileID: 5147494041460494657, guid: aaf29b094017113428d272481c373d99, type: 3}
      propertyPath: m_RootOrder
      value: 0
      objectReference: {fileID: 0}
    - target: {fileID: 5147494041460494657, guid: aaf29b094017113428d272481c373d99, type: 3}
      propertyPath: m_LocalPosition.x
      value: 1.8600221
      objectReference: {fileID: 0}
    - target: {fileID: 5147494041460494657, guid: aaf29b094017113428d272481c373d99, type: 3}
      propertyPath: m_LocalPosition.y
      value: 6.1565065
      objectReference: {fileID: 0}
    - target: {fileID: 5147494041460494657, guid: aaf29b094017113428d272481c373d99, type: 3}
      propertyPath: m_LocalPosition.z
      value: 0
      objectReference: {fileID: 0}
    - target: {fileID: 5147494041460494657, guid: aaf29b094017113428d272481c373d99, type: 3}
      propertyPath: m_LocalRotation.w
      value: 1
      objectReference: {fileID: 0}
    - target: {fileID: 5147494041460494657, guid: aaf29b094017113428d272481c373d99, type: 3}
      propertyPath: m_LocalRotation.x
      value: -0
      objectReference: {fileID: 0}
    - target: {fileID: 5147494041460494657, guid: aaf29b094017113428d272481c373d99, type: 3}
      propertyPath: m_LocalRotation.y
      value: -0
      objectReference: {fileID: 0}
    - target: {fileID: 5147494041460494657, guid: aaf29b094017113428d272481c373d99, type: 3}
      propertyPath: m_LocalRotation.z
      value: -0
      objectReference: {fileID: 0}
    - target: {fileID: 5147494041460494657, guid: aaf29b094017113428d272481c373d99, type: 3}
      propertyPath: m_LocalEulerAnglesHint.x
      value: 0
      objectReference: {fileID: 0}
    - target: {fileID: 5147494041460494657, guid: aaf29b094017113428d272481c373d99, type: 3}
      propertyPath: m_LocalEulerAnglesHint.y
      value: 0
      objectReference: {fileID: 0}
    - target: {fileID: 5147494041460494657, guid: aaf29b094017113428d272481c373d99, type: 3}
      propertyPath: m_LocalEulerAnglesHint.z
      value: 0
      objectReference: {fileID: 0}
    - target: {fileID: 5147494041460494658, guid: aaf29b094017113428d272481c373d99, type: 3}
      propertyPath: m_Name
      value: Rocks2
      objectReference: {fileID: 0}
    m_RemovedComponents: []
  m_SourcePrefab: {fileID: 100100000, guid: aaf29b094017113428d272481c373d99, type: 3}
--- !u!4 &7887173818876544077 stripped
Transform:
  m_CorrespondingSourceObject: {fileID: 5147494041460494657, guid: aaf29b094017113428d272481c373d99, type: 3}
  m_PrefabInstance: {fileID: 3034102621311112460}
  m_PrefabAsset: {fileID: 0}
--- !u!1001 &3898208627133991029
PrefabInstance:
  m_ObjectHideFlags: 0
  serializedVersion: 2
  m_Modification:
    m_TransformParent: {fileID: 6645813820833761054}
    m_Modifications:
    - target: {fileID: 5652534335209852563, guid: 59355df0665184c008432393eff274e3, type: 3}
      propertyPath: m_Name
      value: Stones2
      objectReference: {fileID: 0}
    - target: {fileID: 5652534335209852564, guid: 59355df0665184c008432393eff274e3, type: 3}
      propertyPath: m_RootOrder
      value: 14
      objectReference: {fileID: 0}
    - target: {fileID: 5652534335209852564, guid: 59355df0665184c008432393eff274e3, type: 3}
      propertyPath: m_LocalPosition.x
      value: 30.453316
      objectReference: {fileID: 0}
    - target: {fileID: 5652534335209852564, guid: 59355df0665184c008432393eff274e3, type: 3}
      propertyPath: m_LocalPosition.y
      value: 4.997261
      objectReference: {fileID: 0}
    - target: {fileID: 5652534335209852564, guid: 59355df0665184c008432393eff274e3, type: 3}
      propertyPath: m_LocalPosition.z
      value: 0
      objectReference: {fileID: 0}
    - target: {fileID: 5652534335209852564, guid: 59355df0665184c008432393eff274e3, type: 3}
      propertyPath: m_LocalRotation.w
      value: 1
      objectReference: {fileID: 0}
    - target: {fileID: 5652534335209852564, guid: 59355df0665184c008432393eff274e3, type: 3}
      propertyPath: m_LocalRotation.x
      value: -0
      objectReference: {fileID: 0}
    - target: {fileID: 5652534335209852564, guid: 59355df0665184c008432393eff274e3, type: 3}
      propertyPath: m_LocalRotation.y
      value: -0
      objectReference: {fileID: 0}
    - target: {fileID: 5652534335209852564, guid: 59355df0665184c008432393eff274e3, type: 3}
      propertyPath: m_LocalRotation.z
      value: -0
      objectReference: {fileID: 0}
    - target: {fileID: 5652534335209852564, guid: 59355df0665184c008432393eff274e3, type: 3}
      propertyPath: m_LocalEulerAnglesHint.x
      value: 0
      objectReference: {fileID: 0}
    - target: {fileID: 5652534335209852564, guid: 59355df0665184c008432393eff274e3, type: 3}
      propertyPath: m_LocalEulerAnglesHint.y
      value: 0
      objectReference: {fileID: 0}
    - target: {fileID: 5652534335209852564, guid: 59355df0665184c008432393eff274e3, type: 3}
      propertyPath: m_LocalEulerAnglesHint.z
      value: 0
      objectReference: {fileID: 0}
    m_RemovedComponents: []
  m_SourcePrefab: {fileID: 100100000, guid: 59355df0665184c008432393eff274e3, type: 3}
--- !u!4 &8676446435862808289 stripped
Transform:
  m_CorrespondingSourceObject: {fileID: 5652534335209852564, guid: 59355df0665184c008432393eff274e3, type: 3}
  m_PrefabInstance: {fileID: 3898208627133991029}
  m_PrefabAsset: {fileID: 0}
--- !u!1001 &3980892860437464506
PrefabInstance:
  m_ObjectHideFlags: 0
  serializedVersion: 2
  m_Modification:
    m_TransformParent: {fileID: 6645813820833761054}
    m_Modifications:
    - target: {fileID: 5652534335209852563, guid: 1dc7681e992294b00adaa05f665c733c, type: 3}
      propertyPath: m_Name
      value: Stones3
      objectReference: {fileID: 0}
    - target: {fileID: 5652534335209852564, guid: 1dc7681e992294b00adaa05f665c733c, type: 3}
      propertyPath: m_RootOrder
      value: 13
      objectReference: {fileID: 0}
    - target: {fileID: 5652534335209852564, guid: 1dc7681e992294b00adaa05f665c733c, type: 3}
      propertyPath: m_LocalPosition.x
      value: 30.699999
      objectReference: {fileID: 0}
    - target: {fileID: 5652534335209852564, guid: 1dc7681e992294b00adaa05f665c733c, type: 3}
      propertyPath: m_LocalPosition.y
      value: 4.851
      objectReference: {fileID: 0}
    - target: {fileID: 5652534335209852564, guid: 1dc7681e992294b00adaa05f665c733c, type: 3}
      propertyPath: m_LocalPosition.z
      value: 0
      objectReference: {fileID: 0}
    - target: {fileID: 5652534335209852564, guid: 1dc7681e992294b00adaa05f665c733c, type: 3}
      propertyPath: m_LocalRotation.w
      value: 1
      objectReference: {fileID: 0}
    - target: {fileID: 5652534335209852564, guid: 1dc7681e992294b00adaa05f665c733c, type: 3}
      propertyPath: m_LocalRotation.x
      value: -0
      objectReference: {fileID: 0}
    - target: {fileID: 5652534335209852564, guid: 1dc7681e992294b00adaa05f665c733c, type: 3}
      propertyPath: m_LocalRotation.y
      value: -0
      objectReference: {fileID: 0}
    - target: {fileID: 5652534335209852564, guid: 1dc7681e992294b00adaa05f665c733c, type: 3}
      propertyPath: m_LocalRotation.z
      value: -0
      objectReference: {fileID: 0}
    - target: {fileID: 5652534335209852564, guid: 1dc7681e992294b00adaa05f665c733c, type: 3}
      propertyPath: m_LocalEulerAnglesHint.x
      value: 0
      objectReference: {fileID: 0}
    - target: {fileID: 5652534335209852564, guid: 1dc7681e992294b00adaa05f665c733c, type: 3}
      propertyPath: m_LocalEulerAnglesHint.y
      value: 0
      objectReference: {fileID: 0}
    - target: {fileID: 5652534335209852564, guid: 1dc7681e992294b00adaa05f665c733c, type: 3}
      propertyPath: m_LocalEulerAnglesHint.z
      value: 0
      objectReference: {fileID: 0}
    m_RemovedComponents: []
  m_SourcePrefab: {fileID: 100100000, guid: 1dc7681e992294b00adaa05f665c733c, type: 3}
--- !u!4 &8741257012385565486 stripped
Transform:
  m_CorrespondingSourceObject: {fileID: 5652534335209852564, guid: 1dc7681e992294b00adaa05f665c733c, type: 3}
  m_PrefabInstance: {fileID: 3980892860437464506}
  m_PrefabAsset: {fileID: 0}
--- !u!1001 &5062306365713497843
PrefabInstance:
  m_ObjectHideFlags: 0
  serializedVersion: 2
  m_Modification:
    m_TransformParent: {fileID: 6645813820833761054}
    m_Modifications:
    - target: {fileID: 7883442967626792440, guid: 0b9916d4f799089428e74abb264766f7, type: 3}
      propertyPath: m_FlipX
      value: 1
      objectReference: {fileID: 0}
    - target: {fileID: 7883442967626792446, guid: 0b9916d4f799089428e74abb264766f7, type: 3}
      propertyPath: m_Name
      value: RocksSmall1
      objectReference: {fileID: 0}
    - target: {fileID: 7883442967626792447, guid: 0b9916d4f799089428e74abb264766f7, type: 3}
      propertyPath: m_RootOrder
      value: 9
      objectReference: {fileID: 0}
    - target: {fileID: 7883442967626792447, guid: 0b9916d4f799089428e74abb264766f7, type: 3}
      propertyPath: m_LocalPosition.x
      value: 19.907999
      objectReference: {fileID: 0}
    - target: {fileID: 7883442967626792447, guid: 0b9916d4f799089428e74abb264766f7, type: 3}
      propertyPath: m_LocalPosition.y
      value: 7.0639997
      objectReference: {fileID: 0}
    - target: {fileID: 7883442967626792447, guid: 0b9916d4f799089428e74abb264766f7, type: 3}
      propertyPath: m_LocalPosition.z
      value: 0
      objectReference: {fileID: 0}
    - target: {fileID: 7883442967626792447, guid: 0b9916d4f799089428e74abb264766f7, type: 3}
      propertyPath: m_LocalRotation.w
      value: 1
      objectReference: {fileID: 0}
    - target: {fileID: 7883442967626792447, guid: 0b9916d4f799089428e74abb264766f7, type: 3}
      propertyPath: m_LocalRotation.x
      value: -0
      objectReference: {fileID: 0}
    - target: {fileID: 7883442967626792447, guid: 0b9916d4f799089428e74abb264766f7, type: 3}
      propertyPath: m_LocalRotation.y
      value: -0
      objectReference: {fileID: 0}
    - target: {fileID: 7883442967626792447, guid: 0b9916d4f799089428e74abb264766f7, type: 3}
      propertyPath: m_LocalRotation.z
      value: -0
      objectReference: {fileID: 0}
    - target: {fileID: 7883442967626792447, guid: 0b9916d4f799089428e74abb264766f7, type: 3}
      propertyPath: m_LocalEulerAnglesHint.x
      value: 0
      objectReference: {fileID: 0}
    - target: {fileID: 7883442967626792447, guid: 0b9916d4f799089428e74abb264766f7, type: 3}
      propertyPath: m_LocalEulerAnglesHint.y
      value: 0
      objectReference: {fileID: 0}
    - target: {fileID: 7883442967626792447, guid: 0b9916d4f799089428e74abb264766f7, type: 3}
      propertyPath: m_LocalEulerAnglesHint.z
      value: 0
      objectReference: {fileID: 0}
    m_RemovedComponents: []
  m_SourcePrefab: {fileID: 100100000, guid: 0b9916d4f799089428e74abb264766f7, type: 3}
--- !u!4 &3109578646956737292 stripped
Transform:
  m_CorrespondingSourceObject: {fileID: 7883442967626792447, guid: 0b9916d4f799089428e74abb264766f7, type: 3}
  m_PrefabInstance: {fileID: 5062306365713497843}
  m_PrefabAsset: {fileID: 0}
--- !u!1001 &5281979000963551134
PrefabInstance:
  m_ObjectHideFlags: 0
  serializedVersion: 2
  m_Modification:
    m_TransformParent: {fileID: 6645813820833761054}
    m_Modifications:
    - target: {fileID: 5956377002135202258, guid: abb55a26e48e27d4cbb7cfc442fe476d, type: 3}
      propertyPath: m_Name
      value: Rocks1
      objectReference: {fileID: 0}
    - target: {fileID: 5956377002135202259, guid: abb55a26e48e27d4cbb7cfc442fe476d, type: 3}
      propertyPath: m_RootOrder
      value: 6
      objectReference: {fileID: 0}
    - target: {fileID: 5956377002135202259, guid: abb55a26e48e27d4cbb7cfc442fe476d, type: 3}
      propertyPath: m_LocalPosition.x
      value: 40.785675
      objectReference: {fileID: 0}
    - target: {fileID: 5956377002135202259, guid: abb55a26e48e27d4cbb7cfc442fe476d, type: 3}
      propertyPath: m_LocalPosition.y
      value: 4.5841947
      objectReference: {fileID: 0}
    - target: {fileID: 5956377002135202259, guid: abb55a26e48e27d4cbb7cfc442fe476d, type: 3}
      propertyPath: m_LocalPosition.z
      value: 0
      objectReference: {fileID: 0}
    - target: {fileID: 5956377002135202259, guid: abb55a26e48e27d4cbb7cfc442fe476d, type: 3}
      propertyPath: m_LocalRotation.w
      value: 1
      objectReference: {fileID: 0}
    - target: {fileID: 5956377002135202259, guid: abb55a26e48e27d4cbb7cfc442fe476d, type: 3}
      propertyPath: m_LocalRotation.x
      value: -0
      objectReference: {fileID: 0}
    - target: {fileID: 5956377002135202259, guid: abb55a26e48e27d4cbb7cfc442fe476d, type: 3}
      propertyPath: m_LocalRotation.y
      value: -0
      objectReference: {fileID: 0}
    - target: {fileID: 5956377002135202259, guid: abb55a26e48e27d4cbb7cfc442fe476d, type: 3}
      propertyPath: m_LocalRotation.z
      value: -0
      objectReference: {fileID: 0}
    - target: {fileID: 5956377002135202259, guid: abb55a26e48e27d4cbb7cfc442fe476d, type: 3}
      propertyPath: m_LocalEulerAnglesHint.x
      value: 0
      objectReference: {fileID: 0}
    - target: {fileID: 5956377002135202259, guid: abb55a26e48e27d4cbb7cfc442fe476d, type: 3}
      propertyPath: m_LocalEulerAnglesHint.y
      value: 0
      objectReference: {fileID: 0}
    - target: {fileID: 5956377002135202259, guid: abb55a26e48e27d4cbb7cfc442fe476d, type: 3}
      propertyPath: m_LocalEulerAnglesHint.z
      value: 0
      objectReference: {fileID: 0}
    m_RemovedComponents: []
  m_SourcePrefab: {fileID: 100100000, guid: abb55a26e48e27d4cbb7cfc442fe476d, type: 3}
--- !u!4 &2009756321012934221 stripped
Transform:
  m_CorrespondingSourceObject: {fileID: 5956377002135202259, guid: abb55a26e48e27d4cbb7cfc442fe476d, type: 3}
  m_PrefabInstance: {fileID: 5281979000963551134}
  m_PrefabAsset: {fileID: 0}
--- !u!1001 &5391266081848446476
PrefabInstance:
  m_ObjectHideFlags: 0
  serializedVersion: 2
  m_Modification:
    m_TransformParent: {fileID: 6645813820833761054}
    m_Modifications:
    - target: {fileID: 460486220503446740, guid: 6735a67ac848447d2890fe23043a2e82, type: 3}
      propertyPath: m_Name
      value: Gras1 with flowers
      objectReference: {fileID: 0}
    - target: {fileID: 460486220503446741, guid: 6735a67ac848447d2890fe23043a2e82, type: 3}
      propertyPath: m_RootOrder
      value: 8
      objectReference: {fileID: 0}
    - target: {fileID: 460486220503446741, guid: 6735a67ac848447d2890fe23043a2e82, type: 3}
      propertyPath: m_LocalPosition.x
      value: 24.080662
      objectReference: {fileID: 0}
    - target: {fileID: 460486220503446741, guid: 6735a67ac848447d2890fe23043a2e82, type: 3}
      propertyPath: m_LocalPosition.y
      value: 6.437653
      objectReference: {fileID: 0}
    - target: {fileID: 460486220503446741, guid: 6735a67ac848447d2890fe23043a2e82, type: 3}
      propertyPath: m_LocalPosition.z
      value: 0
      objectReference: {fileID: 0}
    - target: {fileID: 460486220503446741, guid: 6735a67ac848447d2890fe23043a2e82, type: 3}
      propertyPath: m_LocalRotation.w
      value: 1
      objectReference: {fileID: 0}
    - target: {fileID: 460486220503446741, guid: 6735a67ac848447d2890fe23043a2e82, type: 3}
      propertyPath: m_LocalRotation.x
      value: -0
      objectReference: {fileID: 0}
    - target: {fileID: 460486220503446741, guid: 6735a67ac848447d2890fe23043a2e82, type: 3}
      propertyPath: m_LocalRotation.y
      value: -0
      objectReference: {fileID: 0}
    - target: {fileID: 460486220503446741, guid: 6735a67ac848447d2890fe23043a2e82, type: 3}
      propertyPath: m_LocalRotation.z
      value: -0
      objectReference: {fileID: 0}
    - target: {fileID: 460486220503446741, guid: 6735a67ac848447d2890fe23043a2e82, type: 3}
      propertyPath: m_LocalEulerAnglesHint.x
      value: 0
      objectReference: {fileID: 0}
    - target: {fileID: 460486220503446741, guid: 6735a67ac848447d2890fe23043a2e82, type: 3}
      propertyPath: m_LocalEulerAnglesHint.y
      value: 0
      objectReference: {fileID: 0}
    - target: {fileID: 460486220503446741, guid: 6735a67ac848447d2890fe23043a2e82, type: 3}
      propertyPath: m_LocalEulerAnglesHint.z
      value: 0
      objectReference: {fileID: 0}
    m_RemovedComponents: []
  m_SourcePrefab: {fileID: 100100000, guid: 6735a67ac848447d2890fe23043a2e82, type: 3}
--- !u!4 &5526592018733710041 stripped
Transform:
  m_CorrespondingSourceObject: {fileID: 460486220503446741, guid: 6735a67ac848447d2890fe23043a2e82, type: 3}
  m_PrefabInstance: {fileID: 5391266081848446476}
  m_PrefabAsset: {fileID: 0}
--- !u!1001 &6574832392091827623
PrefabInstance:
  m_ObjectHideFlags: 0
  serializedVersion: 2
  m_Modification:
    m_TransformParent: {fileID: 6645813820833761054}
    m_Modifications:
    - target: {fileID: 3673787907124521112, guid: 685b3cec4d04c48449966865d6e05191, type: 3}
      propertyPath: m_RootOrder
      value: 2
      objectReference: {fileID: 0}
    - target: {fileID: 3673787907124521112, guid: 685b3cec4d04c48449966865d6e05191, type: 3}
      propertyPath: m_LocalPosition.x
      value: 5.0965376
      objectReference: {fileID: 0}
    - target: {fileID: 3673787907124521112, guid: 685b3cec4d04c48449966865d6e05191, type: 3}
      propertyPath: m_LocalPosition.y
      value: 6.110533
      objectReference: {fileID: 0}
    - target: {fileID: 3673787907124521112, guid: 685b3cec4d04c48449966865d6e05191, type: 3}
      propertyPath: m_LocalPosition.z
      value: 0
      objectReference: {fileID: 0}
    - target: {fileID: 3673787907124521112, guid: 685b3cec4d04c48449966865d6e05191, type: 3}
      propertyPath: m_LocalRotation.w
      value: 1
      objectReference: {fileID: 0}
    - target: {fileID: 3673787907124521112, guid: 685b3cec4d04c48449966865d6e05191, type: 3}
      propertyPath: m_LocalRotation.x
      value: -0
      objectReference: {fileID: 0}
    - target: {fileID: 3673787907124521112, guid: 685b3cec4d04c48449966865d6e05191, type: 3}
      propertyPath: m_LocalRotation.y
      value: -0
      objectReference: {fileID: 0}
    - target: {fileID: 3673787907124521112, guid: 685b3cec4d04c48449966865d6e05191, type: 3}
      propertyPath: m_LocalRotation.z
      value: -0
      objectReference: {fileID: 0}
    - target: {fileID: 3673787907124521112, guid: 685b3cec4d04c48449966865d6e05191, type: 3}
      propertyPath: m_LocalEulerAnglesHint.x
      value: 0
      objectReference: {fileID: 0}
    - target: {fileID: 3673787907124521112, guid: 685b3cec4d04c48449966865d6e05191, type: 3}
      propertyPath: m_LocalEulerAnglesHint.y
      value: 0
      objectReference: {fileID: 0}
    - target: {fileID: 3673787907124521112, guid: 685b3cec4d04c48449966865d6e05191, type: 3}
      propertyPath: m_LocalEulerAnglesHint.z
      value: 0
      objectReference: {fileID: 0}
    - target: {fileID: 3673787907124521113, guid: 685b3cec4d04c48449966865d6e05191, type: 3}
      propertyPath: m_Name
      value: RocksSmall2
      objectReference: {fileID: 0}
    m_RemovedComponents: []
  m_SourcePrefab: {fileID: 100100000, guid: 685b3cec4d04c48449966865d6e05191, type: 3}
--- !u!4 &7621662436610086207 stripped
Transform:
  m_CorrespondingSourceObject: {fileID: 3673787907124521112, guid: 685b3cec4d04c48449966865d6e05191, type: 3}
  m_PrefabInstance: {fileID: 6574832392091827623}
  m_PrefabAsset: {fileID: 0}
--- !u!1001 &7009957323843394130
PrefabInstance:
  m_ObjectHideFlags: 0
  serializedVersion: 2
  m_Modification:
    m_TransformParent: {fileID: 6645813820833761054}
    m_Modifications:
    - target: {fileID: 5652534335209852563, guid: 81c8a2e81006847438761f063462f198, type: 3}
      propertyPath: m_Name
      value: Tree4Snow
      objectReference: {fileID: 0}
    - target: {fileID: 5652534335209852564, guid: 81c8a2e81006847438761f063462f198, type: 3}
      propertyPath: m_RootOrder
      value: 12
      objectReference: {fileID: 0}
    - target: {fileID: 5652534335209852564, guid: 81c8a2e81006847438761f063462f198, type: 3}
      propertyPath: m_LocalPosition.x
      value: 15.134074
      objectReference: {fileID: 0}
    - target: {fileID: 5652534335209852564, guid: 81c8a2e81006847438761f063462f198, type: 3}
      propertyPath: m_LocalPosition.y
      value: 6.911762
      objectReference: {fileID: 0}
    - target: {fileID: 5652534335209852564, guid: 81c8a2e81006847438761f063462f198, type: 3}
      propertyPath: m_LocalPosition.z
      value: 0
      objectReference: {fileID: 0}
    - target: {fileID: 5652534335209852564, guid: 81c8a2e81006847438761f063462f198, type: 3}
      propertyPath: m_LocalRotation.w
      value: 1
      objectReference: {fileID: 0}
    - target: {fileID: 5652534335209852564, guid: 81c8a2e81006847438761f063462f198, type: 3}
      propertyPath: m_LocalRotation.x
      value: -0
      objectReference: {fileID: 0}
    - target: {fileID: 5652534335209852564, guid: 81c8a2e81006847438761f063462f198, type: 3}
      propertyPath: m_LocalRotation.y
      value: -0
      objectReference: {fileID: 0}
    - target: {fileID: 5652534335209852564, guid: 81c8a2e81006847438761f063462f198, type: 3}
      propertyPath: m_LocalRotation.z
      value: -0
      objectReference: {fileID: 0}
    - target: {fileID: 5652534335209852564, guid: 81c8a2e81006847438761f063462f198, type: 3}
      propertyPath: m_LocalEulerAnglesHint.x
      value: 0
      objectReference: {fileID: 0}
    - target: {fileID: 5652534335209852564, guid: 81c8a2e81006847438761f063462f198, type: 3}
      propertyPath: m_LocalEulerAnglesHint.y
      value: 0
      objectReference: {fileID: 0}
    - target: {fileID: 5652534335209852564, guid: 81c8a2e81006847438761f063462f198, type: 3}
      propertyPath: m_LocalEulerAnglesHint.z
      value: 0
      objectReference: {fileID: 0}
    m_RemovedComponents: []
  m_SourcePrefab: {fileID: 100100000, guid: 81c8a2e81006847438761f063462f198, type: 3}
--- !u!4 &3402901679039091910 stripped
Transform:
  m_CorrespondingSourceObject: {fileID: 5652534335209852564, guid: 81c8a2e81006847438761f063462f198, type: 3}
  m_PrefabInstance: {fileID: 7009957323843394130}
  m_PrefabAsset: {fileID: 0}
--- !u!1001 &7032748708433613205
PrefabInstance:
  m_ObjectHideFlags: 0
  serializedVersion: 2
  m_Modification:
    m_TransformParent: {fileID: 6645813820833761054}
    m_Modifications:
    - target: {fileID: 460486220503446740, guid: 700e94a242ffb457fbff23e93dc4598c, type: 3}
      propertyPath: m_Name
      value: Gras1
      objectReference: {fileID: 0}
    - target: {fileID: 460486220503446741, guid: 700e94a242ffb457fbff23e93dc4598c, type: 3}
      propertyPath: m_RootOrder
      value: 3
      objectReference: {fileID: 0}
    - target: {fileID: 460486220503446741, guid: 700e94a242ffb457fbff23e93dc4598c, type: 3}
      propertyPath: m_LocalPosition.x
      value: 8.857152
      objectReference: {fileID: 0}
    - target: {fileID: 460486220503446741, guid: 700e94a242ffb457fbff23e93dc4598c, type: 3}
      propertyPath: m_LocalPosition.y
      value: 5.080729
      objectReference: {fileID: 0}
    - target: {fileID: 460486220503446741, guid: 700e94a242ffb457fbff23e93dc4598c, type: 3}
      propertyPath: m_LocalPosition.z
      value: 0
      objectReference: {fileID: 0}
    - target: {fileID: 460486220503446741, guid: 700e94a242ffb457fbff23e93dc4598c, type: 3}
      propertyPath: m_LocalRotation.w
      value: 1
      objectReference: {fileID: 0}
    - target: {fileID: 460486220503446741, guid: 700e94a242ffb457fbff23e93dc4598c, type: 3}
      propertyPath: m_LocalRotation.x
      value: -0
      objectReference: {fileID: 0}
    - target: {fileID: 460486220503446741, guid: 700e94a242ffb457fbff23e93dc4598c, type: 3}
      propertyPath: m_LocalRotation.y
      value: -0
      objectReference: {fileID: 0}
    - target: {fileID: 460486220503446741, guid: 700e94a242ffb457fbff23e93dc4598c, type: 3}
      propertyPath: m_LocalRotation.z
      value: -0
      objectReference: {fileID: 0}
    - target: {fileID: 460486220503446741, guid: 700e94a242ffb457fbff23e93dc4598c, type: 3}
      propertyPath: m_LocalEulerAnglesHint.x
      value: 0
      objectReference: {fileID: 0}
    - target: {fileID: 460486220503446741, guid: 700e94a242ffb457fbff23e93dc4598c, type: 3}
      propertyPath: m_LocalEulerAnglesHint.y
      value: 0
      objectReference: {fileID: 0}
    - target: {fileID: 460486220503446741, guid: 700e94a242ffb457fbff23e93dc4598c, type: 3}
      propertyPath: m_LocalEulerAnglesHint.z
      value: 0
      objectReference: {fileID: 0}
    m_RemovedComponents: []
  m_SourcePrefab: {fileID: 100100000, guid: 700e94a242ffb457fbff23e93dc4598c, type: 3}
--- !u!4 &7492492758051202368 stripped
Transform:
  m_CorrespondingSourceObject: {fileID: 460486220503446741, guid: 700e94a242ffb457fbff23e93dc4598c, type: 3}
  m_PrefabInstance: {fileID: 7032748708433613205}
  m_PrefabAsset: {fileID: 0}
--- !u!1001 &7928378302781701541
PrefabInstance:
  m_ObjectHideFlags: 0
  serializedVersion: 2
  m_Modification:
    m_TransformParent: {fileID: 6645813820833761054}
    m_Modifications:
    - target: {fileID: 3625466842314260092, guid: d53402242e7b78d499f6c22ae8cfa03c, type: 3}
      propertyPath: m_Name
      value: Rocks3
      objectReference: {fileID: 0}
    - target: {fileID: 3625466842314260095, guid: d53402242e7b78d499f6c22ae8cfa03c, type: 3}
      propertyPath: m_RootOrder
      value: 16
      objectReference: {fileID: 0}
    - target: {fileID: 3625466842314260095, guid: d53402242e7b78d499f6c22ae8cfa03c, type: 3}
      propertyPath: m_LocalPosition.x
      value: 48.407986
      objectReference: {fileID: 0}
    - target: {fileID: 3625466842314260095, guid: d53402242e7b78d499f6c22ae8cfa03c, type: 3}
      propertyPath: m_LocalPosition.y
      value: 5.381531
      objectReference: {fileID: 0}
    - target: {fileID: 3625466842314260095, guid: d53402242e7b78d499f6c22ae8cfa03c, type: 3}
      propertyPath: m_LocalPosition.z
      value: 0
      objectReference: {fileID: 0}
    - target: {fileID: 3625466842314260095, guid: d53402242e7b78d499f6c22ae8cfa03c, type: 3}
      propertyPath: m_LocalRotation.w
      value: 1
      objectReference: {fileID: 0}
    - target: {fileID: 3625466842314260095, guid: d53402242e7b78d499f6c22ae8cfa03c, type: 3}
      propertyPath: m_LocalRotation.x
      value: -0
      objectReference: {fileID: 0}
    - target: {fileID: 3625466842314260095, guid: d53402242e7b78d499f6c22ae8cfa03c, type: 3}
      propertyPath: m_LocalRotation.y
      value: -0
      objectReference: {fileID: 0}
    - target: {fileID: 3625466842314260095, guid: d53402242e7b78d499f6c22ae8cfa03c, type: 3}
      propertyPath: m_LocalRotation.z
      value: -0
      objectReference: {fileID: 0}
    - target: {fileID: 3625466842314260095, guid: d53402242e7b78d499f6c22ae8cfa03c, type: 3}
      propertyPath: m_LocalEulerAnglesHint.x
      value: 0
      objectReference: {fileID: 0}
    - target: {fileID: 3625466842314260095, guid: d53402242e7b78d499f6c22ae8cfa03c, type: 3}
      propertyPath: m_LocalEulerAnglesHint.y
      value: 0
      objectReference: {fileID: 0}
    - target: {fileID: 3625466842314260095, guid: d53402242e7b78d499f6c22ae8cfa03c, type: 3}
      propertyPath: m_LocalEulerAnglesHint.z
      value: 0
      objectReference: {fileID: 0}
    m_RemovedComponents: []
  m_SourcePrefab: {fileID: 100100000, guid: d53402242e7b78d499f6c22ae8cfa03c, type: 3}
--- !u!4 &6653924332603868122 stripped
Transform:
  m_CorrespondingSourceObject: {fileID: 3625466842314260095, guid: d53402242e7b78d499f6c22ae8cfa03c, type: 3}
  m_PrefabInstance: {fileID: 7928378302781701541}
  m_PrefabAsset: {fileID: 0}
--- !u!1001 &8445320368782647767
PrefabInstance:
  m_ObjectHideFlags: 0
  serializedVersion: 2
  m_Modification:
    m_TransformParent: {fileID: 6645813820833761054}
    m_Modifications:
    - target: {fileID: 5652534335209852563, guid: 59355df0665184c008432393eff274e3, type: 3}
      propertyPath: m_Name
      value: Stones2
      objectReference: {fileID: 0}
    - target: {fileID: 5652534335209852564, guid: 59355df0665184c008432393eff274e3, type: 3}
      propertyPath: m_RootOrder
      value: 11
      objectReference: {fileID: 0}
    - target: {fileID: 5652534335209852564, guid: 59355df0665184c008432393eff274e3, type: 3}
      propertyPath: m_LocalPosition.x
      value: 18.561903
      objectReference: {fileID: 0}
    - target: {fileID: 5652534335209852564, guid: 59355df0665184c008432393eff274e3, type: 3}
      propertyPath: m_LocalPosition.y
      value: 6.2855496
      objectReference: {fileID: 0}
    - target: {fileID: 5652534335209852564, guid: 59355df0665184c008432393eff274e3, type: 3}
      propertyPath: m_LocalPosition.z
      value: 0
      objectReference: {fileID: 0}
    - target: {fileID: 5652534335209852564, guid: 59355df0665184c008432393eff274e3, type: 3}
      propertyPath: m_LocalRotation.w
      value: 1
      objectReference: {fileID: 0}
    - target: {fileID: 5652534335209852564, guid: 59355df0665184c008432393eff274e3, type: 3}
      propertyPath: m_LocalRotation.x
      value: -0
      objectReference: {fileID: 0}
    - target: {fileID: 5652534335209852564, guid: 59355df0665184c008432393eff274e3, type: 3}
      propertyPath: m_LocalRotation.y
      value: -0
      objectReference: {fileID: 0}
    - target: {fileID: 5652534335209852564, guid: 59355df0665184c008432393eff274e3, type: 3}
      propertyPath: m_LocalRotation.z
      value: -0
      objectReference: {fileID: 0}
    - target: {fileID: 5652534335209852564, guid: 59355df0665184c008432393eff274e3, type: 3}
      propertyPath: m_LocalEulerAnglesHint.x
      value: 0
      objectReference: {fileID: 0}
    - target: {fileID: 5652534335209852564, guid: 59355df0665184c008432393eff274e3, type: 3}
      propertyPath: m_LocalEulerAnglesHint.y
      value: 0
      objectReference: {fileID: 0}
    - target: {fileID: 5652534335209852564, guid: 59355df0665184c008432393eff274e3, type: 3}
      propertyPath: m_LocalEulerAnglesHint.z
      value: 0
      objectReference: {fileID: 0}
    m_RemovedComponents: []
  m_SourcePrefab: {fileID: 100100000, guid: 59355df0665184c008432393eff274e3, type: 3}
--- !u!4 &4270001951833911107 stripped
Transform:
  m_CorrespondingSourceObject: {fileID: 5652534335209852564, guid: 59355df0665184c008432393eff274e3, type: 3}
  m_PrefabInstance: {fileID: 8445320368782647767}
  m_PrefabAsset: {fileID: 0}
--- !u!1001 &8524497915686169273
PrefabInstance:
  m_ObjectHideFlags: 0
  serializedVersion: 2
  m_Modification:
    m_TransformParent: {fileID: 6645813820833761054}
    m_Modifications:
    - target: {fileID: 5431751318393500650, guid: 68db3d7a6d1373a41807507effbcae4d, type: 3}
      propertyPath: m_Name
      value: Tree2Snow
      objectReference: {fileID: 0}
    - target: {fileID: 5431751318393500652, guid: 68db3d7a6d1373a41807507effbcae4d, type: 3}
      propertyPath: m_SortingOrder
      value: 3
      objectReference: {fileID: 0}
    - target: {fileID: 5431751318393500653, guid: 68db3d7a6d1373a41807507effbcae4d, type: 3}
      propertyPath: m_RootOrder
      value: 7
      objectReference: {fileID: 0}
    - target: {fileID: 5431751318393500653, guid: 68db3d7a6d1373a41807507effbcae4d, type: 3}
      propertyPath: m_LocalPosition.x
      value: 39.272
      objectReference: {fileID: 0}
    - target: {fileID: 5431751318393500653, guid: 68db3d7a6d1373a41807507effbcae4d, type: 3}
      propertyPath: m_LocalPosition.y
      value: 4.853168
      objectReference: {fileID: 0}
    - target: {fileID: 5431751318393500653, guid: 68db3d7a6d1373a41807507effbcae4d, type: 3}
      propertyPath: m_LocalPosition.z
      value: 0
      objectReference: {fileID: 0}
    - target: {fileID: 5431751318393500653, guid: 68db3d7a6d1373a41807507effbcae4d, type: 3}
      propertyPath: m_LocalRotation.w
      value: 1
      objectReference: {fileID: 0}
    - target: {fileID: 5431751318393500653, guid: 68db3d7a6d1373a41807507effbcae4d, type: 3}
      propertyPath: m_LocalRotation.x
      value: -0
      objectReference: {fileID: 0}
    - target: {fileID: 5431751318393500653, guid: 68db3d7a6d1373a41807507effbcae4d, type: 3}
      propertyPath: m_LocalRotation.y
      value: -0
      objectReference: {fileID: 0}
    - target: {fileID: 5431751318393500653, guid: 68db3d7a6d1373a41807507effbcae4d, type: 3}
      propertyPath: m_LocalRotation.z
      value: -0
      objectReference: {fileID: 0}
    - target: {fileID: 5431751318393500653, guid: 68db3d7a6d1373a41807507effbcae4d, type: 3}
      propertyPath: m_LocalEulerAnglesHint.x
      value: 0
      objectReference: {fileID: 0}
    - target: {fileID: 5431751318393500653, guid: 68db3d7a6d1373a41807507effbcae4d, type: 3}
      propertyPath: m_LocalEulerAnglesHint.y
      value: 0
      objectReference: {fileID: 0}
    - target: {fileID: 5431751318393500653, guid: 68db3d7a6d1373a41807507effbcae4d, type: 3}
      propertyPath: m_LocalEulerAnglesHint.z
      value: 0
      objectReference: {fileID: 0}
    m_RemovedComponents: []
  m_SourcePrefab: {fileID: 100100000, guid: 68db3d7a6d1373a41807507effbcae4d, type: 3}
--- !u!4 &4408017686375864660 stripped
Transform:
  m_CorrespondingSourceObject: {fileID: 5431751318393500653, guid: 68db3d7a6d1373a41807507effbcae4d, type: 3}
  m_PrefabInstance: {fileID: 8524497915686169273}
  m_PrefabAsset: {fileID: 0}
--- !u!1001 &8699735461712060225
PrefabInstance:
  m_ObjectHideFlags: 0
  serializedVersion: 2
  m_Modification:
    m_TransformParent: {fileID: 6645813820833761054}
    m_Modifications:
    - target: {fileID: 460486220503446730, guid: 6735a67ac848447d2890fe23043a2e82, type: 3}
      propertyPath: m_SortingOrder
      value: 4
      objectReference: {fileID: 0}
    - target: {fileID: 460486220503446740, guid: 6735a67ac848447d2890fe23043a2e82, type: 3}
      propertyPath: m_Name
      value: Gras1 with flowers
      objectReference: {fileID: 0}
    - target: {fileID: 460486220503446741, guid: 6735a67ac848447d2890fe23043a2e82, type: 3}
      propertyPath: m_RootOrder
      value: 1
      objectReference: {fileID: 0}
    - target: {fileID: 460486220503446741, guid: 6735a67ac848447d2890fe23043a2e82, type: 3}
      propertyPath: m_LocalPosition.x
      value: 5.713
      objectReference: {fileID: 0}
    - target: {fileID: 460486220503446741, guid: 6735a67ac848447d2890fe23043a2e82, type: 3}
      propertyPath: m_LocalPosition.y
      value: 5.265
      objectReference: {fileID: 0}
    - target: {fileID: 460486220503446741, guid: 6735a67ac848447d2890fe23043a2e82, type: 3}
      propertyPath: m_LocalPosition.z
      value: 0
      objectReference: {fileID: 0}
    - target: {fileID: 460486220503446741, guid: 6735a67ac848447d2890fe23043a2e82, type: 3}
      propertyPath: m_LocalRotation.w
      value: 1
      objectReference: {fileID: 0}
    - target: {fileID: 460486220503446741, guid: 6735a67ac848447d2890fe23043a2e82, type: 3}
      propertyPath: m_LocalRotation.x
      value: -0
      objectReference: {fileID: 0}
    - target: {fileID: 460486220503446741, guid: 6735a67ac848447d2890fe23043a2e82, type: 3}
      propertyPath: m_LocalRotation.y
      value: -0
      objectReference: {fileID: 0}
    - target: {fileID: 460486220503446741, guid: 6735a67ac848447d2890fe23043a2e82, type: 3}
      propertyPath: m_LocalRotation.z
      value: -0
      objectReference: {fileID: 0}
    - target: {fileID: 460486220503446741, guid: 6735a67ac848447d2890fe23043a2e82, type: 3}
      propertyPath: m_LocalEulerAnglesHint.x
      value: 0
      objectReference: {fileID: 0}
    - target: {fileID: 460486220503446741, guid: 6735a67ac848447d2890fe23043a2e82, type: 3}
      propertyPath: m_LocalEulerAnglesHint.y
      value: 0
      objectReference: {fileID: 0}
    - target: {fileID: 460486220503446741, guid: 6735a67ac848447d2890fe23043a2e82, type: 3}
      propertyPath: m_LocalEulerAnglesHint.z
      value: 0
      objectReference: {fileID: 0}
    m_RemovedComponents: []
  m_SourcePrefab: {fileID: 100100000, guid: 6735a67ac848447d2890fe23043a2e82, type: 3}
--- !u!4 &9140146188725955476 stripped
Transform:
  m_CorrespondingSourceObject: {fileID: 460486220503446741, guid: 6735a67ac848447d2890fe23043a2e82, type: 3}
  m_PrefabInstance: {fileID: 8699735461712060225}
  m_PrefabAsset: {fileID: 0}
--- !u!1001 &9083347231188598925
PrefabInstance:
  m_ObjectHideFlags: 0
  serializedVersion: 2
  m_Modification:
    m_TransformParent: {fileID: 6645813820833761054}
    m_Modifications:
    - target: {fileID: 5652534335209852563, guid: 011655767d26545178266b12fe519c23, type: 3}
      propertyPath: m_Name
      value: Stones4
      objectReference: {fileID: 0}
    - target: {fileID: 5652534335209852564, guid: 011655767d26545178266b12fe519c23, type: 3}
      propertyPath: m_RootOrder
      value: 5
      objectReference: {fileID: 0}
    - target: {fileID: 5652534335209852564, guid: 011655767d26545178266b12fe519c23, type: 3}
      propertyPath: m_LocalPosition.x
      value: 42.13055
      objectReference: {fileID: 0}
    - target: {fileID: 5652534335209852564, guid: 011655767d26545178266b12fe519c23, type: 3}
      propertyPath: m_LocalPosition.y
      value: 4.0462437
      objectReference: {fileID: 0}
    - target: {fileID: 5652534335209852564, guid: 011655767d26545178266b12fe519c23, type: 3}
      propertyPath: m_LocalPosition.z
      value: 0
      objectReference: {fileID: 0}
    - target: {fileID: 5652534335209852564, guid: 011655767d26545178266b12fe519c23, type: 3}
      propertyPath: m_LocalRotation.w
      value: 1
      objectReference: {fileID: 0}
    - target: {fileID: 5652534335209852564, guid: 011655767d26545178266b12fe519c23, type: 3}
      propertyPath: m_LocalRotation.x
      value: -0
      objectReference: {fileID: 0}
    - target: {fileID: 5652534335209852564, guid: 011655767d26545178266b12fe519c23, type: 3}
      propertyPath: m_LocalRotation.y
      value: -0
      objectReference: {fileID: 0}
    - target: {fileID: 5652534335209852564, guid: 011655767d26545178266b12fe519c23, type: 3}
      propertyPath: m_LocalRotation.z
      value: -0
      objectReference: {fileID: 0}
    - target: {fileID: 5652534335209852564, guid: 011655767d26545178266b12fe519c23, type: 3}
      propertyPath: m_LocalEulerAnglesHint.x
      value: 0
      objectReference: {fileID: 0}
    - target: {fileID: 5652534335209852564, guid: 011655767d26545178266b12fe519c23, type: 3}
      propertyPath: m_LocalEulerAnglesHint.y
      value: 0
      objectReference: {fileID: 0}
    - target: {fileID: 5652534335209852564, guid: 011655767d26545178266b12fe519c23, type: 3}
      propertyPath: m_LocalEulerAnglesHint.z
      value: 0
      objectReference: {fileID: 0}
    m_RemovedComponents: []
  m_SourcePrefab: {fileID: 100100000, guid: 011655767d26545178266b12fe519c23, type: 3}
--- !u!4 &3494615369613020697 stripped
Transform:
  m_CorrespondingSourceObject: {fileID: 5652534335209852564, guid: 011655767d26545178266b12fe519c23, type: 3}
  m_PrefabInstance: {fileID: 9083347231188598925}
  m_PrefabAsset: {fileID: 0}
